 Dungeon Crawl Stone Soup version 0.24.0-13-gcf9b3192b9 (webtiles) character file.

Game seed: 17401090873650536536, levelgen mode: deterministic

24 mopl the Cutter (level 3, -1/21 HPs)
             Began as a Kobold Skald on Nov 5, 2019.
             Slain by a water moccasin skeleton (5 damage)
             ... on level 2 of the Dungeon.
             The game lasted 00:01:23 (816 turns).

mopl the Cutter (Kobold Skald)                       Turns: 816, Time: 00:01:23

Health: -1/21      AC:  3    Str:  8    XL:     3   Next: 15%
Magic:  6/6        EV: 14    Int: 14    God:
Gold:   72         SH:  0    Dex: 15    Spells: 5/6 levels left

rFire    . . .     SeeInvis .   a - +0 short sword
rCold    . . .     Gourm    .   (shield restricted)
rNeg     . . .     Faith    .   b - +0 leather armour
rPois    .         Spirit   .   (no helmet)
rElec    .         Reflect  .   (no cloak)
rCorr    .         Harm     .   (no gloves)
MR       .....                  (no boots)
Stlth    +.........             (no amulet)
HPRegen  0.07/turn              (no ring)
MPRegen  0.10/turn              (no ring)

@: no status effects
A: small, carnivore
a: no special abilities


You were on level 2 of the Dungeon.
You were very full.

You visited 1 branch of the dungeon, and saw 2 of its levels.

You collected 72 gold pieces.

Inventory:

Hand Weapons
 a - a +0 short sword (weapon)
Armour
 b - a +0 leather armour (worn)
Scrolls
 e - 4 scrolls of identify {unknown}
 f - 3 scrolls of amnesia {unknown}
 i - a scroll of noise {unknown}
Potions
 c - 3 potions of heal wounds {unknown}
 g - 2 potions of curing {unknown}
 h - a potion of degeneration {unknown}
Comestibles
 d - 4 rations


   Skills:
 - Level 2.1 Fighting
 * Level 4.5 Short Blades
 - Level 0.7 Armour
 - Level 2.4 Dodging
 + Level 0.2 Stealth
 - Level 2.1 Spellcasting
 - Level 2.4 Charms


You had 5 spell levels left.
You knew the following spells:

 Your Spells              Type           Power        Failure   Level  Hunger
a - Infusion              Chrm           #...         12%         1    #......

Your spell library contained the following spells:

 Spells                   Type           Power        Failure   Level  Hunger
 Song of Slaying          Chrm           #.......     19%         2    ###....
 Shroud of Golubria       Chrm/Tloc      #.....       30%         2    ###....
 Regeneration             Chrm/Necr      #.........   52%         3    ###....
 Spectral Weapon          Hex/Chrm       #.......     52%         3    ###....


Dungeon Overview and Level Annotations

Branches:
Dungeon (2/15)

Altars:


Innate Abilities, Weirdness & Mutations

You are small and have problems with some larger weapons.
You are carnivorous and can eat meat at any time.


Message History

You are too injured to fight recklessly!
You hit the leopard gecko but do no damage.
The leopard gecko misses you.
The leopard gecko bites you but does no damage.
You hit the leopard gecko.
The leopard gecko is moderately wounded.
The leopard gecko misses you.
You barely miss the leopard gecko.
The leopard gecko is moderately wounded.
The leopard gecko closely misses you.
You hit the leopard gecko.
You kill the leopard gecko!
You hit the water moccasin skeleton.
The water moccasin skeleton is severely damaged.
The water moccasin skeleton bites you.
* * * LOW HITPOINT WARNING * * *
You hit the water moccasin skeleton.
The water moccasin skeleton is almost destroyed.
The water moccasin skeleton bites you.
You die...

.# . ##. #..
#.# #
#######.##.#
...........#
#Z# #@# #.#
#.# #.#
#########.#
.......<..#
###########


You could see a water moccasin skeleton.

Vanquished Creatures
  A leopard gecko (D:2)
  7 goblins (D:1)
  3 hobgoblins (D:1)
  5 kobolds
  5 rats (D:1)
21 creatures vanquished.

Notes
Turn   | Place    | Note
-------+----------+-------------------------------------------
     0 | D:1      | mopl the Kobold Skald began the quest for the Orb.
     0 | D:1      | Reached XP level 1. HP: 12/12 MP: 3/3
    85 | D:1      | Reached skill level 3 in Short Blades
   174 | D:1      | Reached XP level 2. HP: 15/17 MP: 5/5
   360 | D:1      | Reached skill level 4 in Short Blades
   432 | D:1      | Reached XP level 3. HP: 4/21 MP: 3/6
   816 | D:2      | Slain by a water moccasin skeleton

Levels and vault maps discovered:
D:1:      lightli_arrival_isolated_outpost, layout_basic
D:2:      layout_loops_ring, nicolae_overflow_hidden_temple,
          hangedman_decor_growths, minmay_hexomino_p4

Skill      XL: |  1  2 |
---------------+-------+-----
Short Blades   | 3 4 |  4.5
Fighting       | |  2.1
Armour         | |  0.7
Dodging        | |  2.4
Stealth        | |  0.2
Spellcasting   | |  2.1
Charms         | |  2.4

Action                   || total
-------------------------++-------
Melee: Short sword       ||    75
 Cast: Infusion          ||     1
  Eat: Chunk             ||     6
Armor: Leather armour    ||    10
Dodge: Dodged            ||    33
